 Dungeon Crawl Stone Soup version 0.19.0-20-gbc5f0c6 (webtiles) character file.

82 toast the Covered (level 4, -1/41 HPs)
             Began as a Minotaur Fighter on Nov 17, 2016.
             Slain by Grinder (6 damage)
             ... while paralysed by Grinder
             ... on level 3 of the Dungeon.
             The game lasted 00:04:14 (1477 turns).

toast the Covered (Minotaur Fighter)                Turns: 1477, Time: 00:04:15

Health: -1/41      AC: 13    Str: 22    XL:     4   Next: 21%
Magic:  3/3        EV:  2    Int:  5    God:
Gold:   126        SH:  0    Dex:  9    Spells: 0 memorised, 3 levels left

rFire  . . .     SeeInvis .     a - +0 war axe
rCold  . . .     Gourm    .     n - +0 plate armour
rNeg   . . .     Faith    .     c - +0 shield
rPois  .         Spirit   .     (helmet restricted)
rElec  .         Reflect  .     m - +0 cloak
rCorr  .         Harm     .     (no gloves)
MR     .....                    (no boots)
Stlth  ..........               (no amulet)
                                (no ring)
                                (no ring)

@: paralysed, lethally poisoned (-1 -> -8)
A: retaliatory headbutt, horns 2
a: no special abilities


You were on level 3 of the Dungeon.
You were not hungry.

You visited 1 branch of the dungeon, and saw 3 of its levels.

You collected 126 gold pieces.

Inventory:

Hand Weapons
 a - a +0 war axe (weapon)
Armour
 c - a +0 shield (worn)
 m - a +0 cloak (worn)
 n - a +0 plate armour (worn)
Wands
 e - a wand of lightning (9/15)
Scrolls
 h - 3 scrolls of remove curse
Potions
 d - a potion of might
 g - a potion of cure mutation {unknown}
 j - 2 potions of agility {unknown}
 k - a potion of cancellation {unknown}
 l - a potion of degeneration {unknown}
Comestibles
 b - a meat ration
 f - a bread ration
 i - a beef jerky
 o - 16 chunks of flesh


   Skills:
 + Level 4.4 Fighting
 * Level 4.1 Axes
 + Level 4.4 Armour
 - Level 3.6 Shields


You had 3 spell levels left.
You didn't know any spells.

Dungeon Overview and Level Annotations

Branches:
Dungeon (3/15)

Altars:
Dithmenos
Kikubaaqudgha
Trog
Yredelemnul

Annotations:
D:3 Grinder


Innate Abilities, Weirdness & Mutations

You reflexively headbutt those who attack you in melee.
You have a pair of horns on your head.


Message History

You resist with significant effort.
You feel sick. Grinder gestures at you.
You suddenly lose the ability to move!
You feel sick.
Grinder blinks!
You can move again.
Things that are here:
an uncursed dagger; an uncursed blowgun; a poisoned needle Grinder barely misses you.
You furiously retaliate!
You headbutt Grinder! You hit Grinder.
Grinder is heavily wounded.
You closely miss the goblin.
You feel sick. The goblin hits you but does no damage. Grinder gestures at you.
You suddenly lose the ability to move!
The goblin hits you but does no damage. Grinder hits you but does no damage.
You feel sick. Grinder hits you.
* * * LOW HITPOINT WARNING * * *
You writhe in agony.
You die...

.... .. ....
..# #..# ..#
####..##..#
#.........##
#..........#.
#...5........
....
#....@g.#
....#
#....)..#
(....
#####..##
..... #(##
..... #(#
..... #(#
#... ##.#
#... #..#
###. ##.##


You could see Grinder and a goblin.

Vanquished Creatures
  An orc wizard (D:3)
  2 worms
  A leopard gecko (D:2)
  5 orcs (D:3)
  A giant cockroach (D:2)
  6 goblins
  3 hobgoblins
  5 jackals
  A ball python (D:2)
  5 bats
  A frilled lizard (D:2)
  6 kobolds
  4 rats
41 creatures vanquished.

Notes
Turn   | Place    | Note
-------+----------+-------------------------------------------
     0 | D:1      | toast the Minotaur Fighter began the quest for the Orb.
     0 | D:1      | Reached XP level 1. HP: 19/19 MP: 0/0
   468 | D:1      | Reached XP level 2. HP: 27/27 MP: 1/1
   531 | D:2      | Found a shadowy altar of Dithmenos.
   689 | D:2      | Found a bloodstained altar of Trog.
  1095 | D:2      | Found a basalt altar of Yredelemnul.
  1095 | D:2      | Found an ancient bone altar of Kikubaaqudgha.
  1252 | D:2      | Reached XP level 3. HP: 33/33 MP: 2/2
  1343 | D:3      | Reached XP level 4. HP: 41/41 MP: 3/3
  1466 | D:3      | Noticed Grinder
  1472 | D:3      | Paralysed by Grinder for 2 turns
  1475 | D:3      | Paralysed by Grinder for 4 turns
  1477 | D:3      | Slain by Grinder

Skill      XL: |  1  2  3 |
---------------+----------+-----
Fighting       | 4 |  4.4
Armour         | 4 |  4.4
Axes           | 3 4 |  4.1
Shields        | |  3.6

Action                   |  1- 3 |  4- 6 || total
-------------------------+-------+-------++-------
Melee: War axe           |    94 |    14 ||   108
       Headbutt          |    14 |     2 ||    16
  Use: Scroll            |     4 |     1 ||     5
  Eat: Chunk             |     1 |     1 ||     2
Armor: Scale mail        |    21 |       ||    21
       Plate armour      |    47 |    17 ||    64
Dodge: Dodged            |    24 |     4 ||    28
Block: Shield            |    72 |     7 ||    79
